 Dungeon Crawl Stone Soup version 0.27.1-1-g398f81649c (webtiles) character file.

Game seed: 16367563528788414899

62 aster the Skirmisher (level 4, -1/40 HPs)
             Began as a Hill Orc Fighter on Sept 8, 2021.
             Slain by an orc priest (6 damage)
             ... on level 3 of the Dungeon.
             The game lasted 00:03:16 (1921 turns).

aster the Skirmisher (Hill Orc Fighter)             Turns: 1921, Time: 00:03:16

Health: -1/40      AC:  7    Str: 19    XL:     4   Next: 8%
Magic:  4/4        EV:  7    Int:  8    God:
Gold:   62         SH:  9    Dex: 10    Spells: 3/3 levels left

rFire    . . .     SeeInvis .   a - +0 war axe
rCold    . . .     Faith    .   c - +0 kite shield
rNeg     . . .     Spirit   .   b - +0 scale mail
rPois    .         Reflect  .   (no helmet)
rElec    .         Harm     .   (no cloak)
rCorr    .         Rampage  .   (no gloves)
Will     .....                  (no boots)
Stlth    ..........             (no amulet)
HPRegen  0.13/turn              j - +4 ring of slaying
MPRegen  0.09/turn              (no ring)

@: no status effects
A: no striking features
a: Convert to Beogh


You were on level 3 of the Dungeon.
You visited 1 branch of the dungeon, and saw 3 of its levels.

You collected 62 gold pieces.

Inventory:

Hand Weapons
 a - a +0 war axe (weapon)
Armour
 b - a +0 scale mail (worn)
 c - a +0 kite shield (worn)
Jewellery
 j - a +4 ring of slaying (left hand)
Scrolls
 e - a scroll of fog
Potions
 d - a potion of might
 f - 3 potions of lignification
 g - a potion of ambrosia {unknown}


   Skills:
 + Level 4.2 Fighting
 * Level 3.7 Axes
 - Level 3.7 Armour
 + Level 3.9 Shields


You had 3 spell levels left.
You didn't know any spells.
Your spell library was empty.

Dungeon Overview and Level Annotations

Branches:
Dungeon (3/15)

Altars:
Trog

Shops:
D:1 (


Message History

The orc is almost dead.
You slash the orc!
You kill the orc!
You barely miss the orc. The orc closely misses you.
The orc hits you with a +0 mace.
The orc hits you with a +0 mace of protection.
You block the orc's attack.
You closely miss the orc.
The orc is almost dead.
You hit the orc.
The orc hits you with a +0 mace of protection.
The orc hits you with a +0 mace.
You slash the orc!
You kill the orc!
You closely miss the orc. The orc completely misses you.
You block the orc's attack.
You hit the orc priest.
The orc priest is heavily wounded.
The orc priest shouts, "Beogh is our master!
Accept the truth or die!"
You hit the orc but do no damage. You block the orc priest's attack.
The orc hits you but does no damage.
The orc priest shouts, "Beogh is our master!
Accept the truth or die!"
The orc priest hits you with a +0 hand axe.
You closely miss the orc priest.
The orc priest is heavily wounded.
You hit the orc but do no damage.
The orc priest shouts, "Beogh is our master!
Accept the truth or die!"
You block the orc's attack.
The orc priest hits you but does no damage.
The orc hits you but does no damage.
You hit the orc priest.
The orc priest is severely wounded.
You hit the orc.
The orc priest shouts, "Beogh is our master!
Accept the truth or die!"
The orc priest invokes the aid of Beogh against you.
Beogh smites you!
* * * LOW HITPOINT WARNING * * *
The orc barely misses you.
The orc priest hits you with a +0 hand axe.
You die...

##.. .... ... .. .
##.## #####.. ....
.......
######.##.......
.......@o.......
############)o#.......
#.....................
#..##########..#+####+
##..### ..#.# #.....#
##.#... ##.##.#
#.#...# #.<#.# ......#
##.#.# ......#


You could see an orc priest and an orc.

Vanquished Creatures
  An adder (D:2)
  A worm (D:3)
  2 dart slugs
  3 orcs (D:3)
  4 endoplasms
  A giant cockroach (D:2)
  6 goblins
  2 hobgoblins (D:1)
  2 quokkas (D:1)
  4 ball pythons (D:1)
  7 bats
  3 frilled lizards
  4 rats
40 creatures vanquished.

Notes
Turn   | Place    | Note
-------+----------+-------------------------------------------
     0 | D:1      | aster the Hill Orc Fighter began the quest for the Orb.
     0 | D:1      | Reached XP level 1. HP: 19/19 MP: 1/1
   216 | D:1      | Reached XP level 2. HP: 27/27 MP: 2/2
   217 | D:1      | Found a faded altar of an unknown god.
   339 | D:1      | Found Zeluosh's Weapon Emporium.
   352 | D:1      | Reached skill level 4 in Fighting
   553 | D:1      | Reached XP level 3. HP: 33/33 MP: 3/3
  1198 | D:2      | Found a bloodstained altar of Trog.
  1916 | D:3      | Reached XP level 4. HP: 24/40 MP: 4/4
  1921 | D:3      | Slain by an orc priest

Illustrated notes

Levels and vault maps discovered:
D:1:      minmay_arrival_cross, layout_loops_ring, serial_shops, shop,
          dreamdust_ecumenical_altar_angels_and_demons,
          chequers_hall_statues_corner_a
D:2:      layout_basic, basic_altar
D:3:      layout_basic, gammafunk_temple_overflow_pools, hex_tiny

Skill      XL: |  1  2 |
---------------+-------+-----
Axes           | 3 |  3.7
Fighting       | 4 |  4.2
Armour         | |  3.7
Shields        | |  3.9

Action                   |  1- 3 |  4- 6 || total
-------------------------+-------+-------++-------
Melee: War axe           |    94 |     6 ||   100
  Use: Scroll            |     4 |       ||     4
Armor: Scale mail        |    50 |     3 ||    53
Dodge: Dodged            |    32 |     3 ||    35
Block: Kite shield       |    53 |     4 ||    57
